[Event "Team 45 45 League T32"]
[Site "Internet Chess Club"]
[Date "2007.02.26"]
[Round "6"]
[White "Riddari"]
[Black "Cataclysm"]
[Result "1-0"]
[WhiteElo "1288"]
[BlackElo "1148"]
[ECO "C19"]
[TimeControl "2700+45"]

1. e4 e6 2. d4 d5 3. Nc3 Bb4 4. e5 c5 5. a3 Bxc3+ 6. bxc3 Ne7 7. Nf3 Qc7 8. a4
c4 9. Ng5 Nf5 10. g3 Qa5 11. Bd2 Bd7 12. Qe2 b5 13. Qf3 Nc6 14. Bh3 h6 15. g4
hxg5 16. gxf5 bxa4 17. fxe6 fxe6 18. Rg1 Ne7 19. Bxg5 Rb8 20. Bxe7 Rg8 21. Rxg7
Qxc3+ 22. Qxc3 Rxg7 23. Bd6 Rb7 24. Qf3 Rg8 25. Qf6 Bb5 26. Qxe6+ {Black
resigns} 1-0

[Event "Team 45 45 League T32"]
[Site "Internet Chess Club"]
[Date "2007.02.26"]
[Round "6"]
[White "Ghashgork"]
[Black "Tomate"]
[Result "1-0"]
[WhiteElo "1539"]
[BlackElo "1372"]
[ECO "B95"]
[TimeControl "2700+45"]

1. e4 c5 2. Nf3 d6 3. d4 cxd4 4. Nxd4 Nf6 5. Nc3 a6 6. Bg5 e6 7. Qd2 Be7 8. f3
O-O 9. O-O-O Nbd7 10. h4 Nh5 11. Bxe7 Qxe7 12. g4 Ng3 13. Rh3 Nxf1 14. Rxf1 Nf6
15. h5 e5 16. Nf5 Bxf5 17. exf5 h6 18. g5 Nh7 19. gxh6 gxh6 20. Qxh6 Qf6 21.
Rg1+ Kh8 22. Qxf6+ Nxf6 23. Ne4 Ne8 24. h6 b6 25. h7 d5 26. Nc3 Rd8 27. Rh6 f6
28. Rd1 Nc7 29. Rg1 Rd6 30. Rhg6 Rdd8 31. Rg7 Rc8 32. Na4 Na8 33. Rb7 b5 34. Nc3
Nc7 35. a4 bxa4 36. Nxa4 Rf7 37. Rg8+ Rxg8 38. hxg8=Q+ Kxg8 39. Nc5 Kg7 40. Rb6
Kh6 41. Nxa6 Nxa6 42. Rxa6 Kg5 43. Ra3 Kxf5 44. b4 Rb7 45. Rb3 e4 46. fxe4+ Kxe4
47. Kd2 d4 48. b5 f5 49. b6 f4 50. Ke2 f3+ 51. Kf2 Kd5 52. Kxf3 Kc6 53. Ke4 Rxb6
54. Rxb6+ Kxb6 55. Kxd4 Kc6 56. c3 Kd6 57. c4 Kc6 58. c5 Kc7 59. Kd5 Kd7 60. c6+
Kc7 61. Kc5 {Black resigns} 1-0

[Event "Team 45 45 League T32"]
[Site "Internet Chess Club"]
[Date "2007.02.22"]
[Round "6"]
[White "Visin"]
[Black "SeniorCitizen"]
[Result "1-0"]
[WhiteElo "1237"]
[BlackElo "1299"]
[ECO "C00"]
[TimeControl "2700+45"]

1. e4 e6 2. Nc3 d5 3. exd5 exd5 4. Nf3 Nc6 5. d4 Nf6 6. Bb5 a6 7. Bxc6+ bxc6 8.
O-O Be7 9. Ne5 Bb7 10. Re1 O-O 11. Qf3 Re8 12. Ne2 Nd7 13. Qxf7+ Kh8 14. Nf4
Nxe5 15. Rxe5 Bc8 16. Nh5 Rg8 17. Rxe7 Qf8 18. Qxf8 Rxf8 19. Rxc7 Bg4 20. Nxg7
Kg8 21. h3 Bc8 22. Bd2 Rf7 23. Rxf7 Kxf7 24. Nh5 Kg6 {Black resigns} 1-0

[Event "Team 45 45 League T32"]
[Site "Internet Chess Club"]
[Date "2007.02.23"]
[Round "6"]
[White "ADIOKiddo4Ever"]
[Black "SaintCRUIX"]
[Result "0-1"]
[WhiteElo "1184"]
[BlackElo "1318"]
[ECO "C50"]
[TimeControl "2700+45"]

1. e4 e5 2. Nf3 Nc6 3. Bc4 Bc5 4. O-O Nf6 5. Re1 O-O 6. Nc3 a6 7. Nd5 d6 8.
Nxf6+ Qxf6 9. a4 Bg4 10. Be2 Rfe8 11. d3 h6 12. Nd2 Qxf2+ 13. Kh1 Bxe2 14. Rxe2
Qf6 15. Nf3 Nd4 16. Nxd4 Bxd4 17. c3 Ba7 18. Be3 Bxe3 19. Rxe3 Qe6 20. Qe2 Rad8
21. d4 exd4 22. cxd4 Qg6 23. Re1 c5 24. d5 Re5 25. Rg3 Rg5 26. Qe3 Rxg3 27. hxg3
Re8 28. a5 Re5 29. Qc3 Rxe4 30. Rxe4 Qxe4 31. Qb3 Qe1+ 32. Kh2 Qxa5 33. Qxb7 Qb5
34. Qa7 c4 35. g4 Qxd5 36. Qxa6 Qe5+ 37. g3 d5 38. Qc8+ Kh7 39. Qc5 Qxb2+ 40.
Kh3 Qd2 41. Qc6 c3 {White resigns} 0-1

[Event "Team 45 45 League T32"]
[Site "Internet Chess Club"]
[Date "2007.02.25"]
[Round "6"]
[White "katabatico"]
[Black "WannaB"]
[Result "1-0"]
[WhiteElo "1275"]
[BlackElo "1062"]
[ECO "B83"]
[TimeControl "2700+45"]

1. e4 c5 2. Nf3 d6 3. d4 cxd4 4. Nxd4 Nf6 5. Nc3 e6 6. Be2 Be7 7. Be3 a6 8. a4
Nc6 9. Nxc6 bxc6 10. a5 c5 11. O-O O-O 12. f4 Bb7 13. Bf3 Rb8 14. Ra2 Qc7 15.
Kh1 Rbd8 16. f5 exf5 17. exf5 Bxf3 18. Qxf3 Qb8 19. Qg3 Qa8 20. Bh6 Nh5 21. Qg4
g6 22. Bg5 Bxg5 23. Qxg5 Rde8 24. f6 Re5 25. Qd2 Qd8 26. Ra4 Nxf6 27. Raf4 d5
28. Rxf6 d4 29. Na4 Kg7 30. Nb6 d3 31. cxd3 Re6 32. R6f3 f6 33. Rh3 g5 34. Qd1
Rd6 35. Nc4 Re6 36. Qg4 Qe8 37. Qd1 Qg6 38. Qg4 f5 39. Qh5 Qxh5 40. Rxh5 Kg6 41.
Rh3 h6 42. Re3 Kf6 43. Rxe6+ Kxe6 44. Re1+ Kf6 45. Re5 Kg6 46. h3 f4 47. Re6+
Kh7 48. Rxa6 f3 49. Ra7+ Kg8 50. gxf3 Rxf3 51. Kg2 Rxd3 52. Ra8+ Kg7 53. a6 h5
54. Ra7+ Kf6 55. Rc7 h4 56. Rc6+ Kf5 57. Rxc5+ Kf4 58. Rxg5 Kxg5 59. a7 Rg3+ 60.
Kf2 Rxh3 61. a8=Q Rh2+ 62. Kg1 Rc2 63. Qg8+ Kf4 64. Qf7+ Kg3 65. Qg6+ {Black
resigns} 1-0

[Event "Team 45 45 League T32"]
[Site "Internet Chess Club"]
[Date "2007.02.23"]
[Round "6"]
[White "zatopek1"]
[Black "sdcohle"]
[Result "1-0"]
[WhiteElo "1390"]
[BlackElo "1384"]
[ECO "B50"]
[TimeControl "2700+45"]

1. e4 c5 2. Nf3 d6 3. Bc4 h6 4. O-O Nf6 5. Re1 Nc6 6. c3 e6 7. d4 cxd4 8. cxd4
Qc7 9. Nc3 Be7 10. d5 exd5 11. Nxd5 Qd7 12. b3 O-O 13. Nxe7+ Qxe7 14. Qc2 Bg4
15. Nd2 Rac8 16. Ba3 Ne5 17. f3 Nxc4 18. Nxc4 b5 19. fxg4 Nxg4 20. Bxd6 Qxd6 21.
Nxd6 Rxc2 22. h3 Ne5 23. Rec1 Re2 24. Nxb5 Rd8 25. Nc3 Re3 26. Nd5 Rxe4 27. Rd1
Re8 28. Rd2 Ng6 29. Kf2 Kf8 30. Rc1 Rd8 31. Rcd1 Re5 32. Nc3 Rxd2+ 33. Rxd2 Ke7
34. Na4 a5 35. Rc2 Ke6 36. Rc6+ Kd7 37. Ra6 Rf5+ 38. Ke3 Ne5 39. Nb2 Nc6 40. g4
Re5+ 41. Kf2 g5 42. Nc4 Rc5 43. Ra8 f5 44. Rh8 fxg4 45. hxg4 Ne5 46. Nxe5+ Rxe5
47. Rxh6 Kc7 48. a4 Rd5 49. Rg6 Rc5 50. Ke2 Rd5 51. Ke3 Rc5 52. Kd4 Rc6 53. Rxg5
Rb6 54. Kc4 Rc6+ 55. Rc5 Rxc5+ 56. Kxc5 Kd7 57. g5 Ke7 58. g6 Kf6 59. Kb5 Kxg6
60. Kxa5 Kf6 61. Kb6 Ke7 62. a5 Kd8 63. Kb7 Kd7 64. a6 Kd6 65. a7 Kc5 66. a8=R
Kb4 67. Kc6 Kxb3 68. Kb5 Kc3 69. Rc8+ Kd4 70. Rc5 Ke4 71. Kc4 Kf4 72. Kd4 Kf3
73. Re5 Kf4 74. Kd5 Kf3 75. Ke6 Kf4 76. Kf6 Kg4 77. Re4+ Kf3 78. Kf5 Kg3 79.
Re3+ Kf2 80. Kf4 Kg1 81. Rf3 Kg2 82. Kg4 Kh2 83. Rf2+ Kg1 84. Kg3 Kh1 85. Rf1#
{Black checkmated} 1-0

[Event "Team 45 45 League T32"]
[Site "Internet Chess Club"]
[Date "2007.02.25"]
[Round "6"]
[White "walleye"]
[Black "Rubacchus"]
[Result "1-0"]
[WhiteElo "1423"]
[BlackElo "1379"]
[ECO "B13"]
[TimeControl "2700+45"]

1. e4 c6 2. d4 d5 3. exd5 cxd5 4. c4 Nf6 5. Nc3 Nc6 6. Nf3 e6 7. c5 b6 8. b4
Nxb4 9. Qa4+ Bd7 10. Qxb4 a5 11. Qxb6 Qxb6 12. cxb6 Rb8 13. Rb1 Bb4 14. Bd2 O-O
15. Bb5 Bxb5 16. Nxb5 Rxb6 17. Bxb4 axb4 18. Rxb4 Rfb8 19. a4 Ne4 20. O-O Rc6
21. Rbb1 g5 22. Rfc1 Rc4 23. Rxc4 dxc4 24. Rc1 Rc8 25. Ne5 c3 26. f3 f6 27. fxe4
fxe5 28. dxe5 c2 29. Kf2 Rc4 30. Nd6 Rxa4 31. Rxc2 Ra5 32. Nc4 Rc5 33. Ke3 Rc8
34. Kd4 Rf8 35. Nd6 Kg7 36. Ke3 h5 37. Rf2 h4 38. Rxf8 Kxf8 39. Kf3 Kg7 40. Kg4
Kg6 41. h3 Kh6 42. Nf7+ Kg7 43. Nd8 Kf8 44. Nxe6+ Ke7 45. Nxg5 Kf8 46. Kf5 Kg7
47. e6 Kf8 48. Kf6 Kg8 49. e7 Kh8 50. e8=Q# {Black checkmated} 1-0

[Event "Team 45 45 League T32"]
[Site "Internet Chess Club"]
[Date "2007.02.25"]
[Round "6"]
[White "t-hobbes"]
[Black "carolinaknight"]
[Result "1-0"]
[WhiteElo "1298"]
[BlackElo "1174"]
[ECO "C02"]
[TimeControl "2700+45"]

1. e4 e6 2. d4 d5 3. e5 c5 4. c3 Nc6 5. Nf3 Qb6 6. Be2 cxd4 7. cxd4 Nge7 8. Na3
Nf5 9. Nc2 Bd7 10. O-O Be7 11. b3 O-O 12. Bb2 Nb4 13. Nxb4 Bxb4 14. a3 Be7 15.
Qd2 Qxb3 16. Rfc1 Rac8 17. Rcb1 Rc2 18. Qd3 Ba4 19. Bc1 Qc4 20. Qxc4 dxc4 21.
Rxb7 Rxe2 22. g4 Nxd4 23. Nxd4 Bh4 24. Nxe2 Bc6 25. Rxa7 Bf3 26. Nd4 Bxg4 27.
Rb1 Rd8 28. Be3 g6 29. Nc6 Rd1+ 30. Rxd1 Bxd1 31. Bh6 Bf3 32. Ra8+ {Black
resigns} 1-0

[Event "Team 45 45 League T32"]
[Site "Internet Chess Club"]
[Date "2007.02.23"]
[Round "6"]
[White "WzeroMN"]
[Black "AtomicDog"]
[Result "0-1"]
[WhiteElo "1152"]
[BlackElo "1427"]
[ECO "B70"]
[TimeControl "2700+45"]

1. e4 c5 2. Nf3 d6 3. d4 cxd4 4. Nxd4 Nf6 5. Nc3 g6 6. b3 Bg7 7. Bb2 a6 8. Bc4
O-O 9. Qd2 b5 10. Be2 Bb7 11. O-O Nxe4 12. Nxe4 Bxe4 13. Bd3 Bxd3 14. Qxd3 e5
15. Rab1 exd4 16. Bxd4 Bxd4 17. Qxd4 {White resigns} 0-1

[Event "Team 45 45 League T32"]
[Site "Internet Chess Club"]
[Date "2007.02.25"]
[Round "6"]
[White "viking99"]
[Black "Frankly"]
[Result "1-0"]
[WhiteElo "1823"]
[BlackElo "1619"]
[ECO "B55"]
[TimeControl "2700+45"]

1. e4 c5 2. Nf3 d6 3. d4 cxd4 4. Nxd4 Nf6 5. f3 g6 6. Bc4 Nc6 7. O-O Qb6 8. c3
Bg7 9. Kh1 O-O 10. Bb3 Bd7 11. Be3 Ne5 12. Na3 a6 13. Qd2 Qc7 14. Rad1 Rfd8 15.
Qf2 Rac8 16. Ne2 Qc6 17. Nf4 a5 18. Nd5 Nxd5 19. Bxd5 Qa6 20. h3 b5 21. f4 Nc6
22. Rd2 e6 23. Bb3 Ne7 24. Rfd1 Rc6 25. Bc2 b4 26. Bd3 Qc8 27. cxb4 axb4 28. Nb5
Rc1 29. Nxd6 Rxd1+ 30. Rxd1 Qa8 31. Bc4 Bc6 32. Qc2 Bxe4 33. Qe2 Bd5 34. Nb5
Bxg2+ 35. Kh2 Rxd1 36. Qxd1 Bf3 37. Qd7 Nf5 38. Bc5 Bh1 39. Bf1 Bc6 40. Qc7 Bxb2
41. Na7 Bd5 42. Nc8 Qxa2 43. Qd8+ Kg7 44. Qf8+ Kf6 45. Qh8+ Ng7 46. Qd8+ Kf5 47.
Qg5+ Ke4 48. Nd6+ Kf3 49. Qg4# {Black checkmated} 1-0

[Event "Team 45 45 League T32"]
[Site "Internet Chess Club"]
[Date "2007.02.22"]
[Round "6"]
[White "drflounder"]
[Black "OOB1"]
[Result "1-0"]
[WhiteElo "1766"]
[BlackElo "1464"]
[ECO "B22"]
[TimeControl "2700+45"]

1. e4 c5 2. c3 d5 3. exd5 Qxd5 4. d4 Nf6 5. Nf3 Nc6 6. Na3 Bg4 7. Be2 Bxf3 8.
Bxf3 Qe6+ 9. Be3 cxd4 10. cxd4 Nd5 11. Qd2 Nxe3 12. fxe3 Qd7 13. O-O e6 14. Nc4
Bb4 15. Bxc6 bxc6 16. Qxb4 f6 17. Qd6 Rd8 18. Qxd7+ Rxd7 19. Na5 Rd6 20. Rac1
Kd7 21. Rc5 Rc8 22. Rfc1 Rd5 23. Rxd5+ exd5 24. Kf2 Rb8 25. b3 Rb6 26. Kg3 Ra6
27. b4 Rb6 28. a3 Kd6 29. Kf4 g6 30. g4 Ra6 31. g5 f5 32. h4 Rb6 33. Rxc6+ Rxc6
34. Nxc6 Kxc6 35. Ke5 Kb5 36. Kxd5 Ka4 37. Ke6 Kxa3 38. d5 Kxb4 39. d6 a5 40. d7
a4 41. d8=Q {Black resigns} 1-0

[Event "Team 45 45 League T32"]
[Site "Internet Chess Club"]
[Date "2007.02.24"]
[Round "6"]
[White "rubashov"]
[Black "rabanito"]
[Result "*"]
[WhiteElo "1573"]
[BlackElo "1741"]
[ECO "C97"]
[TimeControl "2700+45"]

1. e4 e5 2. Nf3 Nc6 3. Bb5 a6 4. Ba4 Nf6 5. O-O Be7 6. Re1 b5 7. Bb3 d6 8. h3
O-O 9. c3 Na5 10. Bc2 c5 11. d4 Qc7 12. d5 Bd7 13. b3 Rac8 14. Be3 Nb7 15. Nbd2
b4 16. cxb4 cxb4 17. Rc1 Nc5 18. Bb1 Qb6 19. Bxc5 Rxc5 20. Rxc5 Qxc5 21. Nc4 Rc8
22. Bd3 h6 23. Qe2 a5 {Game adjourned when Black disconnected} *

[Event "Team 45 45 League T32"]
[Site "Internet Chess Club"]
[Date "2007.02.26"]
[Round "6"]
[White "gessie7"]
[Black "Mfalme"]
[Result "0-1"]
[WhiteElo "1340"]
[BlackElo "1244"]
[ECO "C41"]
[TimeControl "2700+45"]

1. e4 e5 2. Nf3 d6 3. Bc4 Be7 4. Nc3 Nf6 5. d3 c6 6. h3 a5 7. a4 Na6 8. Be3 Nc7
9. Bb6 Qd7 10. Qd2 d5 11. exd5 cxd5 12. Bxc7 dxc4 13. Nb5 cxd3 14. cxd3 Bb4 15.
Nc3 Qxc7 16. O-O O-O 17. Qe2 Re8 18. Rac1 Qe7 19. Nb5 Bd6 20. Nd2 Bc5 21. Nb3 b6
22. Rfd1 Ba6 23. Qf3 Bxb5 24. axb5 Rac8 25. Rc4 Qd7 26. Rdc1 Qxb5 27. d4 exd4
28. Nxd4 Qxb2 29. Qd3 Rcd8 30. Qf5 Rxd4 31. R4c2 Qb4 32. Qf3 h6 33. g3 Re1+ 34.
Kg2 Rxc1 35. Rxc1 Qb2 36. Rf1 Rd2 37. h4 a4 38. Qf5 Qc2 39. Qf3 Ne4 40. Kh3 Rxf2
41. Rxf2 Nxf2+ 42. Kg2 a3 43. Qxf7+ Kxf7 44. h5 Kf6 45. g4 Ke5 46. g5 Kf4 47. g6
Kg4 48. Kh2 Nh3+ 49. Kh1 Qe4+ 50. Kh2 Qe2+ 51. Kh1 Qf3+ 52. Kh2 Qg3+ 53. Kh1
Nf2# {White checkmated} 0-1

[Event "Team 45 45 League T32"]
[Site "Internet Chess Club"]
[Date "2007.02.27"]
[Round "6"]
[White "TrickyBishop"]
[Black "tammany"]
[Result "1-0"]
[WhiteElo "1708"]
[BlackElo "1673"]
[ECO "B53"]
[TimeControl "2700+45"]

1. e4 c5 2. Nf3 d6 3. d4 cxd4 4. Qxd4 Nc6 5. Bb5 Bd7 6. Bxc6 Bxc6 7. Nc3 Nf6 8.
Bg5 e5 9. Qc4 Rc8 10. Qd3 h6 11. Bh4 Qb6 12. Bxf6 gxf6 13. O-O-O Qc7 14. Nd5
Bxd5 15. exd5 b5 16. Qxb5+ Ke7 17. Rd2 h5 18. Nh4 f5 19. Nxf5+ Kf6 20. Qd3 Qd7
21. Ne3 Bh6 22. Rf1 Rc5 23. Qe4 Qb5 24. Qf5+ Ke7 25. Qd3 Qb6 26. Nf5+ Kf8 27.
Nxh6 Rxh6 28. f4 Rf6 29. fxe5 Rxf1+ 30. Qxf1 dxe5 31. Qf5 Rb5 32. Qxe5 Qg1+ 33.
Rd1 Qxg2 34. Qh8+ Ke7 35. d6+ Kd7 36. Qf6 Qe2 37. Qxf7+ Kc6 38. Qf4 Rxb2 39.
Qa4+ Kb7 40. Kxb2 Qxd1 41. Qd7+ Ka6 42. Qc8+ Ka5 43. d7 Qd4+ 44. Qc3+ {Black
resigns} 1-0

[Event "Team 45 45 League T32"]
[Site "Internet Chess Club"]
[Date "2007.02.24"]
[Round "6"]
[White "dougmo"]
[Black "grandpa06"]
[Result "1-0"]
[WhiteElo "1535"]
[BlackElo "1448"]
[ECO "B01"]
[TimeControl "2700+45"]

1. e4 d5 2. exd5 Nf6 3. Bb5+ Bd7 4. Be2 Nxd5 5. d4 Nc6 6. Nf3 Bg4 7. h3 Bf5 8.
a3 e6 9. c4 Nb6 10. Nc3 Qd7 11. O-O h6 12. d5 Na5 13. Nd4 O-O-O 14. Nxf5 exf5
15. b3 Kb8 16. Bd2 Nc6 17. dxc6 Qxd2 18. Qxd2 Rxd2 19. cxb7 Kxb7 20. Bf3+ Kb8
21. Rfd1 Rxd1+ 22. Rxd1 Bxa3 23. Nd5 Nxd5 24. Bxd5 f6 25. Be6 f4 26. h4 a6 27.
h5 Bb4 28. Rd7 Re8 29. Bd5 Bd6 30. Kf1 Re5 31. Rxg7 Rxh5 32. Rg8+ Ka7 33. Ra8+
Kb6 34. Rb8+ Kc5 35. Ra8 Kd4 36. Ke2 a5 37. Bc6 Bb4 38. Rc8 Re5+ 39. Kf3 Bd6 40.
Ra8 Kc3 41. Ba4 h5 42. Rh8 Kd3 43. Rh6 Re3+ 44. fxe3 fxe3 45. Rxh5 Be5 46. c5
Kd2 47. Bb5 c6 48. Bf1 Ke1 49. Be2 Kd2 50. Bc4 Kc3 51. Kxe3 Kb4 52. Kd3 Kxc5 53.
g4 Kb4 54. Rf5 Ba1 55. Rh5 c5 56. Rh7 Bb2 57. Rb7+ Ka3 58. Rb5 Bd4 59. Rxa5+ Kb2
60. Ra6 Be5 61. Ke4 Kc3 62. Kf5 Kd4 63. Rxf6 Bxf6 64. Kxf6 {Black resigns} 1-0

[Event "Team 45 45 League T32"]
[Site "Internet Chess Club"]
[Date "2007.02.25"]
[Round "6"]
[White "oldsj"]
[Black "Two-DogMan"]
[Result "0-1"]
[WhiteElo "1311"]
[BlackElo "1521"]
[ECO "C41"]
[TimeControl "2700+45"]

1. e4 e5 2. Nf3 d6 3. d4 exd4 4. Qxd4 Be7 5. Nc3 Nf6 6. Bg5 O-O 7. O-O-O Nc6 8.
Qd2 Be6 9. Bd3 a6 10. Nd5 Bxd5 11. exd5 Ne5 12. Nxe5 dxe5 13. Bc4 Qd6 14. h4 h6
15. Bxf6 Bxf6 16. Bd3 Qb6 17. Be4 a5 18. d6 a4 19. a3 c6 20. g4 Qd8 21. Kb1 Bxh4
22. Qd3 Bg5 23. Bf5 Qf6 24. f3 g6 25. Be4 Rab8 26. c4 Rbd8 27. c5 Rd7 28. Qc2
Ra8 29. Rh3 Kg7 30. Rdh1 Qf4 31. Qc3 Qf6 32. Re1 Qe6 33. Qc2 Qb3 34. Bd3 Qxc2+
35. Bxc2 Ra5 36. Rxe5 Bf6 37. Re2 Rxc5 38. Bxa4 Rd5 39. Rhh2 R5xd6 40. Bc2 c5
41. b3 b5 42. Kc1 Ra7 43. a4 bxa4 44. bxa4 Rd4 45. Re4 Bg5+ 46. Kb1 Rb7+ 47. Ka2
Bf6 48. Rxd4 Bxd4 49. Bb3 Re7 50. Bc4 Re1 51. Ka3 Re3+ 52. Ka2 Rxf3 53. a5 Rf6
54. Kb3 Be5 55. Ra2 Bb8 56. Ka4 Rf4 57. Kb5 Rxg4 58. Ra4 h5 59. Kb6 Rd4 60. Kb7
Rd8 61. a6 h4 62. a7 Bxa7 63. Rxa7 Rd7+ 64. Kb6 Rxa7 65. Kxa7 f5 66. Kb6 Kf6 67.
Kxc5 Ke5 68. Bd3 g5 69. Kc4 g4 70. Kc3 Kf4 71. Kd2 g3 72. Bf1 Kf3 {White
resigns} 0-1

[Event "Team 45 45 League T32"]
[Site "Internet Chess Club"]
[Date "2007.02.23"]
[Round "6"]
[White "nursey"]
[Black "HarishBN"]
[Result "1-0"]
[WhiteElo "1682"]
[BlackElo "1752"]
[ECO "B01"]
[TimeControl "2700+45"]

1. e4 d5 2. exd5 Nf6 3. d4 Bg4 4. f3 Bf5 5. c4 c6 6. Qb3 Qc7 7. dxc6 Nxc6 8. Be3
e6 9. Bd3 Bb4+ 10. Nd2 Bxd3 11. Qxd3 Rd8 12. Ne2 Ne5 13. Qb3 Nxc4 14. Rc1 Nxe3
15. Rxc7 Ned5 16. Qa4+ Nd7 17. Rxb7 {Black resigns} 1-0

[Event "Team 45 45 League T32"]
[Site "Internet Chess Club"]
[Date "2007.03.02"]
[Round "6"]
[White "Changuito-77"]
[Black "Dagambiter"]
[Result "1-0"]
[WhiteElo "1739"]
[BlackElo "1615"]
[ECO "A04"]
[TimeControl "2700+45"]

1. Nf3 c5 2. e3 Nf6 3. d4 e6 4. Bd3 d5 5. b3 Nbd7 6. Bb2 b6 7. O-O Bb7 8. Nbd2
Be7 9. Ne5 O-O 10. Qf3 Rc8 11. Qh3 Nxe5 12. dxe5 Ne4 13. f3 Ng5 14. Qg4 f5 15.
Qg3 Nf7 16. f4 Kh8 17. Rad1 Rg8 18. c4 g5 19. Qf2 gxf4 20. cxd5 fxe3 21. Qxe3
Bxd5 22. Rf2 Bg5 23. Qh3 Nh6 24. Nf1 Ng4 25. Re2 Rg6 26. Bc1 Rh6 27. Bxg5 Rxh3
28. Bxd8 Rxd3 29. Rxd3 Rxd8 30. Ng3 Rc8 31. Nxf5 Re8 32. h3 exf5 33. Rxd5 Nh6
34. e6 Kg7 35. Rd7+ Kf6 36. Rxh7 Ng8 37. Rf7+ Kg6 38. Rxa7 Ne7 39. Rb7 Kf6 40.
Rxb6 Rd8 41. Kf2 f4 42. Rb7 Rd6 43. Rd7 Rxe6 44. Rxe6+ Kxe6 45. Rxe7+ Kxe7 46.
Kf3 Ke6 47. Kxf4 {Black resigns} 1-0

[Event "Team 45 45 League T32"]
[Site "Internet Chess Club"]
[Date "2007.02.25"]
[Round "6"]
[White "twintower"]
[Black "Cantemir"]
[Result "0-1"]
[WhiteElo "1557"]
[BlackElo "1539"]
[ECO "B41"]
[TimeControl "2700+45"]

1. e4 e6 2. d4 c5 3. Nf3 d5 4. exd5 cxd4 5. dxe6 Bxe6 6. Bd3 Bb4+ 7. Bd2 Nc6 8.
O-O Bxd2 9. Qxd2 Nf6 10. Re1 O-O 11. Bb5 Qb6 12. c4 dxc3 13. Nxc3 Rad8 14. Qc2
Nb4 15. Qe2 a6 16. Bc4 Bxc4 17. Qxc4 Nc2 18. Na4 Qc6 19. Nc5 Nxa1 20. Ne5 Qd5
{White resigns} 0-1

[Event "Team 45 45 League T32"]
[Site "Internet Chess Club"]
[Date "2007.02.25"]
[Round "6"]
[White "GadsHill"]
[Black "SRS"]
[Result "1-0"]
[WhiteElo "1556"]
[BlackElo "1697"]
[ECO "A50"]
[TimeControl "2700+45"]

1. d4 Nf6 2. c4 Nc6 3. Nc3 e5 4. d5 Ne7 5. g3 Ng6 6. Bg2 Bb4 7. Qc2 d6 8. e3 O-O
9. Ne2 Ne8 10. a3 Bxc3+ 11. Nxc3 f5 12. b4 e4 13. O-O Ne5 14. Ne2 Nf6 15. Bb2
Nfg4 16. Bxe5 Nxe5 17. Rfd1 Qg5 18. Nf4 Qh6 19. Ne2 g5 20. c5 g4 21. Nf4 Qf6 22.
Rac1 Bd7 23. Qb3 Bb5 24. cxd6 cxd6 25. Rc7 Rf7 26. Rdc1 Rd7 27. Rc8+ Rxc8 28.
Rxc8+ Rd8 29. Rc7 b6 30. Qc3 a6 31. Ne6 Rd7 32. Rc8+ Kf7 33. Rf8+ Ke7 34. Rxf6
Kxf6 35. Bf1 Ba4 36. Bxa6 h5 37. Nc7 h4 38. Bb5 Bxb5 39. Nxb5 hxg3 40. hxg3 Kg5
41. Qc8 Nf3+ 42. Kf1 Rh7 43. Qg8+ Kh6 44. Qe6+ Kg5 45. Qg8+ Kh6 46. Qxh7+ Kxh7
47. Nxd6 Kg6 48. Nc4 b5 49. Nb6 Kf7 50. a4 bxa4 51. Nxa4 Nd2+ 52. Ke2 Nc4 53. b5
Ke7 54. Kd1 Kd6 55. Nc3 Nb6 56. Kc2 Nxd5 57. Nxd5 Kxd5 58. Kc3 Kc5 59. b6 Kxb6
60. Kd4 Kc6 61. Ke5 Kc5 62. Kxf5 Kd5 63. Kxg4 Ke5 64. Kg5 Ke6 65. Kg6 Ke5 66. g4
Ke6 67. g5 Ke5 68. Kf7 Kf5 69. g6 Kg4 70. g7 Kf3 71. g8=Q Kxf2 72. Qg4 Kxe3 73.
Qg2 Kd3 74. Qf2 e3 75. Qe1 e2 76. Kf6 Ke3 77. Kf5 Kf3 78. Ke5 Ke3 79. Kd5 Kd3
80. Kc5 Ke3 81. Kc4 Kf3 82. Kd3 Kg2 83. Qxe2+ Kg1 84. Ke3 Kh1 85. Kf3 Kg1 86.
Qg2# {Black checkmated} 1-0

[Event "Team 45 45 League T32"]
[Site "Internet Chess Club"]
[Date "2007.02.24"]
[Round "6"]
[White "SneakyRed"]
[Black "smitty120"]
[Result "1-0"]
[WhiteElo "1864"]
[BlackElo "1885"]
[ECO "C55"]
[TimeControl "2700+45"]

1. e4 e5 2. Nf3 Nc6 3. Bc4 Nf6 4. d3 Bc5 5. c3 O-O 6. Nbd2 d6 7. O-O h6 8. Bb3
Re8 9. Bc2 a6 10. Nb3 Ba7 11. Be3 Bxe3 12. fxe3 Ng4 13. Qe2 Bd7 14. d4 b5 15.
Rad1 Nf6 16. Nbd2 Qc8 17. Rde1 Bg4 18. Qf2 Na5 19. Nh4 Bh5 20. h3 c5 21. Nf5 Qc7
22. Nxh6+ Kf8 23. Nf5 Bg6 24. Qh4 Nh7 25. Nf3 Bxf5 26. exf5 Nf6 27. Ng5 Ke7 28.
Ne4 Rh8 29. Qg3 Rag8 30. Qf2 Qc6 31. Ng5 Rh6 32. dxe5 dxe5 33. Qg3 Qc7 34. Rd1
Nc6 35. Rd2 Nd7 36. Qf3 Nb6 37. Rfd1 Rd8 38. Bb3 c4 39. Bc2 Rhd6 40. Rxd6 Rxd6
41. Ne4 Rxd1+ 42. Qxd1 Nb8 43. Qg4 Kf8 44. f6 gxf6 45. Nxf6 N8d7 46. Nh7+ Ke7
47. Qg5+ f6 48. Qg7+ Ke6 49. Nf8+ Kd6 50. Nxd7 Nxd7 51. Bf5 Qd8 52. Qxd7+ Qxd7
53. Bxd7 Kxd7 54. Kf2 a5 55. a3 Ke7 56. Kf3 f5 57. g4 Kf6 58. gxf5 Kxf5 59. h4
{Black resigns} 1-0

[Event "Team 45 45 League T32"]
[Site "Internet Chess Club"]
[Date "2007.02.26"]
[Round "6"]
[White "ElmerHo"]
[Black "az2112"]
[Result "0-1"]
[WhiteElo "1614"]
[BlackElo "1652"]
[ECO "C99"]
[TimeControl "2700+45"]

1. e4 e5 2. Nf3 Nc6 3. Bb5 a6 4. Ba4 Nf6 5. O-O Be7 6. Re1 b5 7. Bb3 d6 8. c3
O-O 9. h3 Na5 10. Bc2 c5 11. d4 Qc7 12. Nbd2 cxd4 13. cxd4 Nc6 14. Nb3 a5 15.
Be3 a4 16. Nbd2 Bd7 17. Rc1 Rac8 18. a3 Qb8 19. Nf1 Na5 20. Ng3 Nc4 21. Rb1 Nxe3
22. Rxe3 Rfe8 23. Re2 Bf8 24. Rc1 b4 25. axb4 Qxb4 26. Bb1 Rxc1 27. Qxc1 exd4
28. Qd2 Rb8 29. Qxd4 a3 30. Qxb4 Rxb4 31. Ba2 Rxb2 32. Rxb2 axb2 33. Nd2 Bc6 34.
f3 d5 35. Kf1 Bb4 36. Ke2 Bxd2 37. Kxd2 dxe4 38. Nxe4 Nxe4+ 39. fxe4 Bxe4 40. g3
b1=Q {White resigns} 0-1

[Event "Team 45 45 League T32"]
[Site "Internet Chess Club"]
[Date "2007.02.25"]
[Round "6"]
[White "Hastings"]
[Black "Toalla"]
[Result "1-0"]
[WhiteElo "1357"]
[BlackElo "1352"]
[ECO "B07"]
[TimeControl "2700+45"]

1. e4 d6 2. d4 Nf6 3. Nc3 g6 4. Be3 Bg7 5. Qd2 Ng4 6. O-O-O Nxe3 7. Qxe3 O-O 8.
Kb1 Nc6 9. Nf3 Bg4 10. h3 Bxf3 11. gxf3 a6 12. h4 e5 13. dxe5 Nxe5 14. f4 Ng4
15. Qg3 Bxc3 16. Qxg4 Bg7 17. Bc4 h5 18. Qxg6 Qf6 19. Qxf6 Bxf6 20. Rdg1+ Bg7
21. Rg5 Rae8 22. e5 dxe5 23. Rhg1 {Black resigns} 1-0

[Event "Team 45 45 League T32"]
[Site "Internet Chess Club"]
[Date "2007.02.25"]
[Round "6"]
[White "PublisherKing"]
[Black "JimGrange"]
[Result "1/2-1/2"]
[WhiteElo "1817"]
[BlackElo "1896"]
[ECO "E11"]
[TimeControl "2700+45"]

1. Nf3 Nf6 2. d4 e6 3. c4 Bb4+ 4. Bd2 Qe7 5. g3 Nc6 6. Bg2 Bxd2+ 7. Nbxd2 O-O 8.
O-O d6 9. Re1 a5 10. e3 e5 11. Qc2 Nb4 12. Qb1 Nc6 13. dxe5 dxe5 14. Ng5 h6 15.
Nge4 Rd8 16. Qc2 Nb4 17. Qc3 Rd3 18. Qc1 Rd8 19. Qc3 Rd3 20. Qc1 Rd8 21. Qc3
{Game drawn by repetition} 1/2-1/2

[Event "Team 45 45 League T32"]
[Site "Internet Chess Club"]
[Date "2007.02.25"]
[Round "6"]
[White "Ingo"]
[Black "MindRide"]
[Result "1/2-1/2"]
[WhiteElo "1721"]
[BlackElo "1746"]
[ECO "B22"]
[TimeControl "2700+45"]

1. e4 c5 2. c3 d5 3. exd5 Qxd5 4. d4 Nf6 5. Nf3 Bg4 6. dxc5 Qxd1+ 7. Kxd1 e5 8.
b4 a5 9. Bb5+ Nc6 10. Re1 O-O-O+ 11. Kc2 Bf5+ 12. Kb2 axb4 13. Bxc6 bxc3+ 14.
Nxc3 bxc6 15. Nxe5 Kc7 16. Bf4 Rb8+ 17. Kc1 Nh5 18. Be3 Be6 19. a4 Be7 20. Rb1
Bf6 21. f4 Rxb1+ 22. Kxb1 Rb8+ 23. Kc1 Rb4 24. g3 g5 25. Bd2 gxf4 26. Nd5+ Bxd5
27. Bxb4 fxg3 28. hxg3 Nxg3 29. Ng4 Bg5+ 30. Kc2 f5 31. Ne5 f4 32. a5 Kb7 33.
Nd3 f3 34. Rb1 Ka7 35. Be1 Ne4 36. Nb4 f2 37. Bxf2 Nxf2 38. Nxd5 cxd5 39. c6 Bd8
40. Rb7+ Ka6 41. c7 Bxc7 42. Rxc7 Kxa5 43. Rxh7 Kb5 44. Rf7 Ne4 45. Kd3 Kc5 46.
Rf4 Kd6 47. Kd4 Ke6 48. Rh4 Nf6 49. Rh6 Kf5 50. Rxf6+ Kxf6 51. Kxd5 {Game drawn
because neither player has mating material} 1/2-1/2